 Dungeon Crawl Stone Soup version 0.30.0-21-gd299b56b3f (webtiles) character file.

Game seed: 8232646709999620977

205 qw the Chopper (level 5, -2/33 HPs)
             Began as a Gargoyle Fighter on June 2, 2023.
             Slain by an orc
             ... wielding a +0 falchion
              (4 damage)
             ... on level 4 of the Dungeon.
             The game lasted 00:01:12 (2515 turns).

qw the Chopper (Gargoyle Fighter)                   Turns: 2515, Time: 00:01:12

Health: -2/33      AC: 13    Str: 21    XL:     5   Next: 83%
Magic:  5/5        EV:  9    Int:  9    God:
Gold:   116        SH:  4    Dex:  9    Spells: 4/4 levels left

rFire   . . .        Y - +1 war axe
rCold   . . .        c - +0 buckler
rNeg    + . .        b - +0 scale mail
rPois   inf          (no helmet)
rElec   +            e - +0 cloak
rCorr   .            (no gloves)
SInv    .            m - +0 pair of boots
Will    .....        (no amulet) Stlth
                     (no ring)
HPRegen 0.25/turn    (no ring)
MPRegen 0.09/turn

%: no passive effects
@: no status effects
A: sickness immunity, AC +4, negative energy resistance 1, electricity
resistance, torment resistance 1, petrification resistance
a: no special abilities


You were on level 4 of the Dungeon.
You visited 1 branch of the dungeon, and saw 4 of its levels.

You collected 116 gold pieces.


Innate Abilities, Weirdness & Mutations

You are immune to sickness and miasma.
Your stone body is resilient. (AC +4)
You are immune to poison.
You resist negative energy. (rN+)
You are resistant to electric shocks. (rElec)
You are resistant to unholy torment.
You are immune to petrification.


   Skills:
 - Level 4.0 Fighting
 - Level 5.0 Axes
 - Level 3.2 Armour
 + Level 0.0 Dodging
 - Level 3.2 Shields


You had 4 spell levels left.
You didn't know any spells.
Your spell library was empty.

Inventory:

Hand Weapons
 k - a +0 flail
 Y - a +1 war axe (weapon)
Armour
 b - a +0 scale mail (worn)
 c - a +0 buckler (worn)
 e - a +0 cloak (worn)
 f - a +1 leather armour of cold resistance
 m - a +0 pair of boots (worn)
Scrolls
 h - a scroll of identify
Potions
 a - a potion of haste
 d - 2 potions of might
 j - a potion of lignification {unknown}

Dungeon Overview and Level Annotations

Branches:
Dungeon (4/15)
 Temple: D:4-7

Altars:

Annotations:
D:3 1 runed translucent door, Crazy Yiuf


Message History

You hit the orc priest.
The orc priest is moderately wounded.
You hit the orc. The orc hits you but does no damage.
The orc closely misses you.
The orc priest hits you but does no damage.
The orc hits you from afar with a +0 trident.
You barely miss the orc priest.
The orc priest is moderately wounded.
You closely miss the orc.
The orc hits you but does no damage. x2; The orc priest closely misses you.
The orc hits you but does no damage.
The orc priest calls down the wrath of Beogh upon you.
Pain shoots through your body! You block the orc's attack.
The orc hits you but does no damage. The orc barely misses you.
You hit the orc priest.
The orc priest is heavily wounded.
You closely miss the orc. The orc hits you but does no damage.
The orc barely misses you. The orc hits you but does no damage.
The orc priest hits you with a +0 morningstar.
You hit the orc priest but do no damage.
The orc priest is heavily wounded.
You closely miss the orc.
The orc hits you from afar with a +0 trident.
The orc hits you with a +0 falchion.
The orc priest hits you but does no damage.
You block the orc's attack.
You barely miss the orc priest.
The orc priest is heavily wounded.
You hit the orc. The orc hits you but does no damage. x2
The orc priest casts a cantrip, but nothing happens.
The orc closely misses you.
You closely miss the orc.
The orc is severely wounded.
You slash the orc priest!
You kill the orc priest!
You block the orc's attack. The orc barely misses you. x2
The orc hits you with a +0 falchion.
You die...

....# #.......#
###.#####...[...#
................+
....#####.......#
. .##.# #.......#
#.# .##.#
##.###### ##.$..
..#.#
#.%.#####......
###.#
###....))o.....
#.# #....@)..#
#.# ##...o)o##
#.# #......# #.#
........# #.#
#.###.###.# # #.#
.# =.. ?# .... ##


You could see 3 orcs.

Vanquished Creatures
  2 hounds (D:4)
  An orc priest (D:4)
  Ijyb (D:4)
  An orc wizard (D:4)
  2 adders
  A dart slug (D:1)
  9 orcs
  3 endoplasms
  2 giant cockroaches
  4 goblins
  6 hobgoblins
  6 jackals
  4 quokkas
  9 ball pythons
  4 bats
  A frilled lizard (D:3)
  4 kobolds
  8 rats
68 creatures vanquished.

Notes
Turn   | Place    | Note
-------+----------+-------------------------------------------
     0 | D:1      | qw the Gargoyle Fighter began the quest for the Orb.
     0 | D:1      | Reached XP level 1. HP: 14/14 MP: 1/1
     0 | D:1      | 0 ||| qw: Version: 0.2-a-102-gdf20003
     0 | D:1      | 0 ||| qw: Game counter: 821
     0 | D:1      | 0 ||| qw: Always use a shield: true
     0 | D:1      | 0 ||| qw: God list: Okawaru
     0 | D:1      | 0 ||| qw: Allow faded altars: false
     0 | D:1      | 0 ||| qw: Do Orc after D:15 true
     0 | D:1      | 0 ||| qw: Do second Lair branch before Depths: true
     0 | D:1      | 0 ||| qw: Lair rune preference: random
     0 | D:1      | 0 ||| qw: Plans: Normal, Zot:1-4, Slime:5, God:TSO, Crypt,
                  | Tomb, Pan, Hells, Abyss, Win
     0 | D:1      | 0 ||| PLANNING D:1-11
    59 | D:1      | Reached skill level 2 in Axes
   192 | D:1      | Reached XP level 2. HP: 19/19 MP: 2/2
   236 | D:1      | 236 ||| Stepping ~*~*~tactically~*~*~ (stealth).
   645 | D:1      | 645 ||| DROPPING ring of magical power.
   646 | D:1      | 646 ||| READING scroll labelled EXZOHO ROFEFRU.
   647 | D:1      | 647 ||| READING scroll labelled ULICVOST WAVOL.
   648 | D:1      | 648 ||| READING 2 scrolls labelled VEFFECW QAURHELOADGH.
   649 | D:1      | 649 ||| READING scroll labelled PUELOFOYRED.
   791 | D:2      | Reached skill level 3 in Axes
   833 | D:2      | 833 ||| Stepping ~*~*~tactically~*~*~ (stealth).
   842 | D:2      | Reached XP level 3. HP: 23/23 MP: 3/3
  1364 | D:2      | 1364 ||| UPGRADING to +0 cloak.
  1369 | D:2      | 1369 ||| READING scroll labelled FOADOU NETSI.
  1561 | D:3      | 1561 ||| DROPPING +0 club.
  1598 | D:3      | Reached XP level 4. HP: 20/28 MP: 4/4
  1898 | D:3      | Found a runed translucent door.
  1899 | D:3      | Noticed Crazy Yiuf
  2178 | D:3      | 2178 ||| UPGRADING to +0 pair of boots.
  2183 | D:3      | 2183 ||| READING scroll labelled MAMITIU HIPIUQ.
  2247 | D:3      | 2247 ||| READING scroll labelled GOCKOC KIOMAOW.
  2248 | D:3      | 2248 ||| READING scroll labelled AVECRIRYAMUNG.
  2249 | D:3      | 2249 ||| DRINKING 2 murky dark potions.
  2250 | D:3      | 2250 ||| DRINKING 2 sapphire potions.
  2251 | D:3      | 2251 ||| READING 2 scrolls of identify.
  2251 | D:3      | 2251 ||| IDENTIFYING brown potion
  2252 | D:3      | 2252 ||| DROPPING potion of flight.
  2253 | D:3      | 2253 ||| DROPPING potion of brilliance.
  2293 | D:4      | Noticed Ijyb
  2296 | D:4      | 2296 ||| Stepping ~*~*~tactically~*~*~ (hiding).
  2306 | D:4      | Reached skill level 4 in Axes
  2307 | D:4      | Reached XP level 5. HP: 19/32 MP: 5/5
  2317 | D:4      | Killed Ijyb
  2423 | D:4      | 2423 ||| Stepping ~*~*~tactically~*~*~ (stealth).
  2437 | D:4      | Reached skill level 5 in Axes
  2512 | D:4      | HP: 7/33 [orc priest/+0 morningstar (5)]
  2513 | D:4      | HP: 2/33 [orc/+0 falchion (5)]
  2515 | D:4      | Slain by an orc

Levels and vault maps discovered:
D:1:      dpeg_arrival_rhombi, layout_loops_ring
D:2:      layout_loops_ring
D:3:      layout_loops_ring, kennysheep_generic_room_2, uniq_crazy_yiuf_cottage
D:4:      layout_basic, grunt_temple_overflow_lords_of_destruction,
          nicolae_overflow_hidden_temple, serial_shops,
          nicolae_shop_tiny_real_fake_doors, uniq_ijyb

Skill      XL: |  1  2  3  4  5 |
---------------+----------------+-----
Axes           | 2 3 4 5 |  5.0
Fighting       | 4 |  4.0
Armour         | |  3.2
Shields        | |  3.2

Action                     |  1- 3 |  4- 6 || total
---------------------------+-------+-------++-------
  Melee: War axe           |   124 |    87 ||   211
    Use: Scroll            |     5 |     4 ||     9
         Potion            |       |     2 ||     2
 Armour: Scale mail        |    70 |    67 ||   137
  Dodge: Dodged            |    62 |    44 ||   106
  Block: Buckler           |    19 |    18 ||    37

Table legend:
 A = Non-vault XP
 B = Vault XP
 C = Vault XP percentage of total XP
 D = Non-vault monster count
 E = Vault monster count
 F = Vault count percentage of total count
                 A         B        C        D         E       F
            +---------+---------+-------+---------+---------+-------
      Total |     294 |      40 |  12.0 |      64 |       4 |   5.9
            +---------+---------+-------+---------+---------+-------
        D:1 |      25 |       0 |   0.0 |      15 |       0 |   0.0
        D:2 |      50 |       0 |   0.0 |      23 |       0 |   0.0
        D:3 |      13 |       4 |  23.5 |       7 |       3 |  30.0
        D:4 |     206 |      36 |  14.9 |      19 |       1 |   5.0
            +---------+---------+-------+---------+---------+-------
